 Dungeon Crawl Stone Soup version 0.26-a0-812-g31a745ddcd (webtiles) character file.

Game seed: 694237319430611107

263526 kae the Executioner (level 20, -17/180 HPs)
             Began as a Hill Orc Fighter on Nov 24, 2020.
             Was the Champion of Qazlal.
             Demolished by an ettin
             ... wielding a +0 dire flail
              (47 damage)
             ... on level 1 of the Vaults.
             The game lasted 00:38:31 (51899 turns).

kae the Executioner (Hill Orc Fighter)             Turns: 51899, Time: 00:38:31

Health: -17/180    AC: 25    Str: 30    XL:     20   Next: 2%
Magic:  0/32       EV: 13    Int: 15    God:    Qazlal [******]
Gold:   2548       SH: 24    Dex: 10    Spells: 19/19 levels left

rFire    . . .     SeeInvis +   a - +7 broad axe (vorpal)
rCold    . . .     Faith    .   c - +2 kite shield
rNeg     . . .     Spirit   +   G - +0 plate armour
rPois    .         Reflect  .   (no helmet)
rElec    .         Harm     .   A - +2 cloak {rCorr}
rCorr    +         Rampage  .   I - +0 pair of gloves "Vupp" {MP-9 Int+7}
MR       ++...                  (no boots)
Stlth    ..........             u - amulet of guardian spirit
HPRegen  0.40/turn              Y - ring "Zetabov" {MR+ MP+9 Str+2}
MPRegen  0.23/turn              j - ring of see invisible

@: protected from physical damage, studying Earth Magic, repel missiles
A: no striking features
}: 2/15 runes: decaying, serpentine
a: Upheaval, Elemental Force, Disaster Area, Renounce Religion


You were on level 1 of the Vaults.
You worshipped Qazlal.
Qazlal was exalted by your worship.
You visited 8 branches of the dungeon, and saw 35 of its levels.
You also visited: Gauntlet and Ice Cave.

You collected 3388 gold pieces.
You spent 840 gold pieces at shops.

Inventory:

Hand Weapons
 a - a +7 vorpal broad axe (weapon)
 b - a +1 broad axe of flaming
 w - a +0 executioner's axe of electrocution
 M - the +5 hand axe of Theory {freeze, rC+}
   (You found it on level 4 of the Dungeon)

   It has been specially enchanted to freeze those struck by it, causing extra
   injury to most foes and up to half again as much damage against particularly
   susceptible opponents.
   It can also slow down cold-blooded creatures.
   It protects you from cold.
Armour
 c - a +2 kite shield (worn)
 A - a +2 cloak of preservation (worn)
 G - a +0 plate armour (worn)
 I - the +0 pair of gloves "Vupp" (worn) {MP-9 Int+7}
   (You found it on level 4 of the Swamp)

   It affects your intelligence (+7).
   It affects your magic capacity (-9).
 J - a +0 pair of gloves
Jewellery
 j - a ring of see invisible (right hand)
 u - an amulet of guardian spirit (around neck)
 v - an uncursed ring of poison resistance
 x - an uncursed ring of flight
 B - an uncursed ring of protection from cold
 E - the ring of Urep {Wiz rF++ Int+2 Dex-2}
   (You acquired it on level 2 of the Orcish Mines)

   [ring of wizardry]

   It improves your spell success rate.
   It affects your intelligence (+2).
   It affects your dexterity (-2).
   It greatly protects you from fire.
 N - an uncursed amulet of regeneration
 P - an uncursed amulet of reflection
 U - an uncursed ring of protection from cold
 X - an uncursed ring of resist corrosion
 Y - the ring "Zetabov" (left hand) {MR+ MP+9 Str+2}
   (You found it in a Gauntlet)

   [ring of protection from magic]

   It affects your strength (+2).
   It affects your resistance to hostile enchantments.
   It affects your magic capacity (+9).
Wands
 e - a wand of flame (28)
 h - a wand of polymorph (13)
 r - a wand of digging (6)
 s - a wand of iceblast (26)
 C - a wand of paralysis (40)
 Q - a wand of enslavement (9)
 W - a wand of acid (11)
Scrolls
 g - 6 scrolls of fear
 p - 14 scrolls of remove curse
 y - 6 scrolls of enchant weapon
 z - 2 scrolls of holy word
 D - 3 scrolls of enchant armour
 F - 3 scrolls of silence
 H - 7 scrolls of amnesia
 L - 6 scrolls of teleportation
 O - 6 scrolls of fog
 Z - 10 scrolls of identify
Potions
 d - 2 potions of might
 f - 6 potions of heal wounds
 i - 10 potions of flight
 k - a potion of invisibility
 l - 11 potions of lignification
 m - 2 potions of haste
 n - 13 potions of curing
 o - 4 potions of resistance
 q - 4 potions of cancellation
 t - 3 potions of magic
 K - 7 potions of attraction
 R - 4 potions of mutation
 S - a potion of berserk rage
 T - 3 potions of ambrosia
Books
 V - a manual of Earth Magic


   Skills:
 + Level 16.0 Fighting
 * Level 22.6 Axes
 + Level 14.9 Armour
 + Level 11.3 Dodging
 + Level 14.9 Shields
 + Level 16.4 Invocations
 - Level 5.0 Evocations


You had 19 spell levels left.
You didn't know any spells.
Your spell library contained the following spells:

 Spells                   Type           Power        Failure   Level
 Corona                   Hex            #......      83%         1
 Summon Small Mammal      Summ           #...         83%         1
 Call Imp                 Summ           #.......     92%         2
 Ensorcelled Hibernation  Hex/Ice        #.....       92%         2
 Call Canine Familiar     Summ           #.......     99%         3
 Confusing Touch          Hex            #.......     99%         3
 Dazzling Flash           Conj/Hex       #.....       99%         3
 Gell's Gravitas          Tloc           #.........   99%         3
 Ignite Poison            Fire/Tmut/Pois #.......     99%         3
 Summon Guardian Golem    Hex/Summ       #.......     99%         3
 Tukima's Dance           Hex            #.......     99%         3
 Petrify                  Tmut/Erth      #.......     100%        4
 Summon Ice Beast         Ice/Summ       #.......     100%        4
 Summon Lightning Spire   Summ/Air       #.......     100%        4
 Metabolic Englaciation   Hex/Ice        #.........   100%        5
 Silence                  Hex/Air        #.........   100%        5
 Summon Demon             Summ           #.........   100%        5
 Summon Forest            Summ/Tloc      #.........   100%        5
 Summon Mana Viper        Hex/Summ       #.......     100%        5
 Yara's Violent Unravell  Hex/Tmut       #.........   100%        5
 Conjure Ball Lightning   Conj/Air       #.........   100%        6
 Tornado                  Air            #.........   100%        9


Dungeon Overview and Level Annotations

Branches:
Dungeon (15/15)            Temple (1/1) D:4            Lair (6/6) D:10
  Swamp (4/4) Lair:2        Snake (4/4) Lair:3        Slime (0/5) Lair:6
    Orc (2/2) D:9             Elf (2/3) Orc:2        Vaults (1/5) D:14
 Depths (0/5) D:15          IceCv (visited)         Gauntlet (visited)

Altars:
Ashenzari
Cheibriados
Dithmenos
Elyvilon
Fedhas
Gozag
Hepliaklqana
Kikubaaqudgha
Makhleb
Nemelex Xobeh
Okawaru
Qazlal
Ru
Sif Muna
Trog
Uskayaw
Vehumet
Wu Jian
Xom
Yredelemnul
Zin
The Shining One
Jiyva

Shops:
D:6 }   D:13 !**[*   Orc:1 *   Orc:2 *??*   Elf:1 }==}   Snake:2 *(*[
Snake:3 =   Snake:4 :

Annotations:
D:15 1 runed translucent door, exclusion: orange crystal statue
Lair:2 1 runed translucent door, kae's ghost, journeyman OpCj


Message History

The flayed ghost is struck by lightning.
You destroy the flayed ghost!
Qazlal accepts your kill.
A centaur warrior comes into view.
The centaur warrior shouts!
You block the centaur warrior's attack.
The centaur warrior hits you but does no damage.
You block the ettin's attack. The ettin closely misses you.
Items here: ) [[ ††.
You hit the ettin but do no damage.
The ettin is heavily wounded.
You slice the centaur warrior!! You block the centaur warrior's attack.
You hit the ettin.
The ettin is heavily wounded.
You slash the centaur warrior! You block the centaur warrior's attack.
The ettin hits you with a +0 dire flail!!
* * * LOW HITPOINT WARNING * * *
You feel more protected from physical attacks.
The ettin hits you with a +2 dire flail of protection!!!
You die...

#.....#
#.....#
#.....#
#.....###+###
#...........#
#...........#
###++########
#..C#.#.#
#.#@#.#.##
#.#c#)#.#.#
#.#.###)#)##
#.#.# ##[#(#
#..# ##))#
#.# #)#.# ##
#.#.## #.# #
#.#


You could see an ettin (strong) and a centaur warrior.

Vanquished Creatures
  Vashnia (Snake:2)
  Nikola (Snake:3)
  Rupert (D:13)
  Jorgrun (Elf:2)
  Frances (D:12)
  A thorn hunter (Swamp:1)
  Kirke (D:14)
  The ghost of graki42 the Eclecticist, an adept DECj of Vehumet (Swamp:4)
  A frost giant (IceCv)
  5 nagarajas (Snake:4)
  2 vault wardens (Vaults:1)
  Aizul (Lair:3)
  2 ironheart preservers (Vaults:1)
  A deep elf elementalist (Elf:1)
  Azrael (Snake:1)
  A minotaur (Gauntlet)
  A deep elf annihilator (Elf:1)
  6 dire elephants (Lair:6)
  5 eleionomae
  A fire dragon (D:14)
  A shambling mangrove (Swamp:4)
  2 bunyips
  A deep elf high priest (Elf:1)
  3 boulder beetles
  4 vault guards (D:14)
  34 hydras
  7 naga warriors
  2 centaur warriors (D:15)
  Erica (D:9)
  A death knight (Vaults:1)
  3 alligators
  5 anacondas
  A tengu warrior (Gauntlet)
  15 death yaks
  24 dancing weapons
  An ogre mage (D:15)
  A spriggan berserker (Swamp:4)
  4 two-headed ogres
  A vampire mage (Swamp:3)
  A deep troll earth mage (Vaults:1)
  3 shock serpents
  Urug (D:12)
  13 naga sharpshooters
  11 deep elf knights
  3 orc high priests (Orc:2)
  5 goliath frogs
  2 salamander mystics
  2 skeletal warriors (D:15)
  2 deep trolls (Vaults:1)
  8 sea snakes
  6 spriggan druids
  3 unseen horrors
  2 flayed ghosts
  10 swamp dragons
  An obsidian statue (Gauntlet)
  2 naga ritualists
  3 ironbrand convokers (Vaults:1)
  4 bog bodies
  A wizard (D:14)
  Pikel (D:6)
  A necromancer (D:15)
  61 deep elf magi
  6 mana vipers
  An orb spider (shapeshifter) (Elf:1)
  5 deep elf archers
  A wolf spider zombie (D:12)
  3 cyclopes
  5 orc sorcerers
  15 salamanders
  5 orc knights
  6 ugly things (D:15)
  A moth of wrath (Swamp:4)
  A manticore (D:14)
  2 will-o-the-wisps
  A frost giant zombie (D:15)
  10 elephants
  28 black mambas
  Joseph (D:9)
  2 vault sentinels (Vaults:1)
  2 guardian serpents
  21 naga magi
  2 gargoyles
  An ice statue (IceCv)
  9 cane toads
  Maggie (D:7)
  6 komodo dragons
  2 rime drakes (Lair:4)
  4 yaktaurs
  A freezing wraith (D:13)
  6 trolls
  3 tengu conjurers
  A harpy skeleton (D:15)
  9 hornets
  9 tyrant leeches
  15 polar bears
  8 blink frogs
  A fire dragon zombie (D:15)
  2 ice dragon skeletons (D:15)
  A centaur simulacrum (D:15)
  A shadow (D:14)
  An air elemental (Elf:2)
  11 spriggans
  48 yaks
  2 vampires
  2 water elementals
  3 wyverns
  A basilisk (shapeshifter) (Elf:1)
  A human (D:14)
  2 wraiths
  5 fire elementals
  7 vampire mosquitoes
  15 swamp worms
  51 nagas
  A redback simulacrum (D:14)
  2 soldier ants
  3 wargs
  14 water moccasins
  3 hell hounds
  Duvessa (D:7)
  7 swamp drakes
  8 sky beasts
  Purgy (D:3)
  3 ice beasts
  2 phantoms
  17 orc warriors
  16 ogres
  An eye of draining (D:15)
  2 necrophages
  11 centaurs
  20 wolves
  5 big kobolds
  20 bullfrogs
  A water moccasin zombie (D:7)
  Dowan (D:7)
  2 earth elementals
  3 scorpions
  5 killer bees (D:10)
  3 wights (D:12)
  2 howler monkeys
  9 electric eels
  3 centaur zombies
  9 hounds
  3 centaur skeletons
  A jelly (shapeshifter) (Gauntlet)
  6 jellies
  14 orc priests
  2 bullfrog skeletons
  25 orc wizards
  Jessica (D:3)
  An iguana (D:12)
  10 worker ants
  A hound zombie (D:7)
  A hound skeleton (D:7)
  A worker ant zombie (D:8)
  4 gnolls
  A howler monkey skeleton (D:7)
  29 adders
  A shadow imp (D:5)
  4 white imps
  2 ufetubi (D:8)
  An ooze (D:2)
  An adder zombie (D:6)
  2 adder skeletons
  A dart slug (D:1)
  7 worms
  4 leopard geckos
  50 orcs
  2 ball pythons
  6 giant cockroaches
  8 goblins
  9 hobgoblins
  6 jackals
  26 kobolds
  7 quokkas
  4 bats
  7 frilled lizards
  A leopard gecko skeleton (D:7)
  A leopard gecko zombie (D:7)
  A quokka skeleton (D:4)
  A quokka zombie (D:5)
  11 rats
1077 creatures vanquished.

Vanquished Creatures (collateral kills)
  A naga mage (Snake:4)
  A black mamba (Snake:4)
  A naga (Snake:4)
3 creatures vanquished.

Vanquished Creatures (others)
  A dancing weapon (Elf:2)
  A naga sharpshooter (Snake:1)
  A swamp dragon (Swamp:4)
  5 bloated husks
  A hornet (Swamp:4)
  3 yaks (IceCv)
  2 wolves (IceCv)
  10 foxfires
  25 fungi
  89 plants
  9 withered plants (D:15)
147 creatures vanquished.

Grand Total: 1227 creatures vanquished

Notes
Turn   | Place    | Note
-------+----------+-------------------------------------------
     0 | D:1      | kae the Hill Orc Fighter began the quest for the Orb.
     0 | D:1      | Reached XP level 1. HP: 19/19 MP: 1/1
    39 | D:1      | Reached skill level 3 in Axes
    43 | D:1      | Reached XP level 2. HP: 27/27 MP: 2/2
   745 | D:1      | Reached XP level 3. HP: 33/33 MP: 3/3
  1168 | D:2      | Found a sparkling altar of Nemelex Xobeh.
  1173 | D:2      | Reached skill level 4 in Axes
  1496 | D:2      | Reached XP level 4. HP: 38/40 MP: 4/4
  2207 | D:3      | Reached XP level 5. HP: 42/47 MP: 5/5
  2336 | D:3      | Noticed Jessica
  2338 | D:3      | Killed Jessica
  2349 | D:3      | Reached skill level 5 in Axes
  2406 | D:3      | Found a burning altar of Makhleb.
  2406 | D:3      | Noticed a blizzard demon
  2409 | D:3      | Noticed a smoke demon
  2409 | D:3      | Noticed a hellwing
  2838 | D:3      | Found a white marble altar of Elyvilon.
  2892 | D:3      | Noticed Purgy
  2915 | D:3      | Killed Purgy
  2915 | D:3      | Reached XP level 6. HP: 33/55 MP: 6/6
  3249 | D:4      | Reached skill level 5 in Fighting
  3327 | D:4      | Found a hazy altar of Hepliaklqana.
  3370 | D:4      | Reached skill level 6 in Axes
  3373 | D:4      | Reached XP level 7. HP: 52/61 MP: 7/7
  3436 | D:4      | Found a staircase to the Ecumenical Temple.
  3464 | Temple   | Entered the Ecumenical Temple
  3843 | D:4      | Reached skill level 5 in Armour
  4062 | D:4      | Reached skill level 7 in Axes
  4062 | D:4      | Reached skill level 5 in Shields
  4196 | D:4      | Found a stormy altar of Qazlal.
  4209 | D:4      | Became a worshipper of Qazlal Stormbringer
  4332 | D:5      | Entered Level 5 of the Dungeon
  4340 | D:5      | Found a shadowy altar of Dithmenos.
  4577 | D:5      | Reached skill level 1 in Invocations
  4577 | D:5      | Reached XP level 8. HP: 27/70 MP: 7/9
  4858 | D:5      | Reached skill level 1 in Dodging
  5257 | D:5      | Reached skill level 8 in Axes
  5679 | D:6      | Found a snail-covered altar of Cheibriados.
  5817 | D:6      | Noticed Pikel
  5828 | D:6      | Killed Pikel
  5828 | D:6      | Reached skill level 9 in Axes
  5828 | D:6      | Reached XP level 9. HP: 77/77 MP: 11/11
  5948 | D:6      | Found Yxuar's Gadget Boutique.
  6217 | D:6      | Reached * piety under Qazlal
  6495 | D:6      | Found a shimmering blue altar of Sif Muna.
  6981 | D:7      | Noticed Maggie
  6992 | D:7      | Reached skill level 10 in Axes
  7010 | D:7      | Noticed Duvessa
  7207 | D:7      | Killed Duvessa
  7219 | D:7      | Noticed Dowan
  7227 | D:7      | Killed Maggie
  7227 | D:7      | Reached skill level 5 in Invocations
  7478 | D:7      | Killed Dowan
  7883 | D:7      | Reached ** piety under Qazlal
  7896 | D:7      | Reached XP level 10. HP: 84/85 MP: 11/13
  8865 | D:8      | Reached skill level 11 in Axes
  9476 | D:9      | Found a blossoming altar of Fedhas.
  9672 | D:9      | Noticed Joseph
  9688 | D:9      | Killed Joseph
  9806 | D:9      | Found a staircase to the Orcish Mines.
  9829 | D:9      | Reached skill level 1 in Evocations
  9872 | D:9      | Noticed a two-headed ogre
  9879 | D:9      | Killed a two-headed ogre
  9970 | D:9      | Noticed Erica
  9997 | D:9      | Killed Erica
 10374 | D:9      | Reached XP level 11. HP: 83/94 MP: 13/16
 10626 | D:10     | Entered Level 10 of the Dungeon
 10646 | D:10     | Reached skill level 12 in Axes
 11064 | D:10     | Noticed a two-headed ogre
 11082 | D:10     | Killed a two-headed ogre
 11276 | D:10     | Reached *** piety under Qazlal
 11668 | D:10     | Found a staircase to the Lair.
 11855 | D:11     | Noticed a boulder beetle
 11872 | D:11     | Killed a boulder beetle
 12082 | D:11     | Killed an unseen horror
 13144 | D:4      | Got a masterwork hand axe
 13145 | D:4      | Identified the +5 hand axe of Theory {freeze, rC+} (You
                  | found it on level 4 of the Dungeon)
 13395 | D:12     | Reached skill level 13 in Axes
 13539 | D:12     | Reached skill level 5 in Dodging
 14107 | D:12     | Noticed Frances
 14117 | D:12     | Noticed a sun demon
 14117 | D:12     | Noticed a sun demon
 14125 | D:12     | Killed Frances
 14125 | D:12     | Reached XP level 12. HP: 27/105 MP: 2/18
 14240 | D:12     | Noticed Urug
 14241 | D:12     | Noticed a five-headed hydra
 14253 | D:12     | Killed a five-headed hydra
 14258 | D:12     | Noticed a boulder beetle
 14593 | D:12     | Killed a boulder beetle
 15130 | D:12     | Killed Urug
 15853 | Lair:1   | Entered Level 1 of the Lair of Beasts
 16038 | Lair:1   | Noticed a five-headed hydra
 16046 | Lair:1   | Killed a two-headed hydra
 16046 | Lair:1   | Reached skill level 14 in Axes
 16051 | Lair:1   | Reached skill level 10 in Fighting
 16384 | Lair:1   | Noticed an eight-headed hydra
 16396 | Lair:1   | Killed a two-headed hydra
 16396 | Lair:1   | Reached skill level 5 in Evocations
 17182 | Lair:2   | Reached XP level 13. HP: 102/114 MP: 17/20
 17576 | Lair:2   | Found a runed translucent door.
 17578 | Lair:2   | Noticed kae's ghost (journeyman OpCj)
 17580 | Lair:2   | Identified the cursed +3 trident "Ucetoch" {vorpal, rF+ MR+
                  | Dex-4 SInv}
 17807 | Lair:2   | Reached skill level 15 in Axes
 18110 | Lair:2   | Reached **** piety under Qazlal
 18110 | Lair:2   | Reached skill level 10 in Armour
 18306 | Lair:2   | Reached skill level 10 in Invocations
 18308 | Lair:2   | Found a staircase to the Swamp.
 18533 | Lair:3   | Reached skill level 10 in Shields
 19048 | Lair:3   | Found a staircase to the Snake Pit.
 19797 | Lair:4   | Found a frozen archway.
 19995 | IceCv    | Entered an ice cave
 20279 | IceCv    | Identified the Catalogue of Supportive Contamination
 20686 | IceCv    | Reached XP level 14. HP: 116/124 MP: 20/22
 20743 | IceCv    | Reached skill level 16 in Axes
 20758 | IceCv    | Reached ***** piety under Qazlal
 20921 | IceCv    | Noticed a frost giant
 20946 | IceCv    | Killed a frost giant
 22813 | Lair:5   | Found a shimmering blue altar of Sif Muna.
 23485 | Lair:6   | Entered Level 6 of the Lair of Beasts
 23752 | Lair:6   | Reached skill level 17 in Axes
 23881 | Lair:6   | Reached XP level 15. HP: 103/133 MP: 20/23
 24062 | Lair:6   | Found a viscous altar of Jiyva.
 24063 | Lair:6   | Found a staircase to the Slime Pits.
 24943 | Lair:6   | HP: 6/134 [dire elephant (17)]
 25999 | D:13     | Found Suschics's Armour Shop.
 26133 | D:13     | Found Miudgh's General Store.
 26183 | D:13     | You fall into a shaft and drop 2 floors!
 26183 | D:15     | Entered Level 15 of the Dungeon
 26183 | D:15     | Found a staircase to the Depths.
 26775 | D:13     | Found Usizysch's General Store.
 26776 | D:13     | Found Orcheblic's General Store.
 26802 | D:13     | Noticed Rupert
 26820 | D:13     | Killed Rupert
 27122 | D:13     | Found Numuw's Distillery.
 28024 | D:14     | Reached skill level 18 in Axes
 28130 | D:14     | Found a sacrificial altar of Ru.
 28148 | D:14     | Noticed Kirke
 28167 | D:14     | Killed Kirke
 28984 | D:14     | Found a gate to the Vaults.
 29360 | D:14     | Reached ****** piety under Qazlal
 29591 | D:15     | Found a runed translucent door.
 29636 | D:15     | Reached XP level 16. HP: 130/143 MP: 21/25
 30379 | Orc:1    | Entered Level 1 of the Orcish Mines
 30380 | Orc:1    | Found Bopab's Assorted Antiques.
 30765 | Orc:2    | Entered Level 2 of the Orcish Mines
 30850 | Orc:2    | Paralysed by an orc sorcerer for 7 turns
 30885 | Orc:2    | Found a gate leading to a gauntlet.
 30935 | Gauntlet | Entered a Gauntlet
 30935 | Gauntlet | Found a transporter.
 30935 | Gauntlet | Found a transporter.
 30935 | Gauntlet | Found a transporter.
 31282 | Gauntlet | Found a transporter.
 31282 | Gauntlet | Found a transporter.
 31285 | Gauntlet | Found the +6 arbalest "Damnation" {damnation}
 31293 | Gauntlet | Found a transporter.
 31298 | Gauntlet | Found a transporter.
 31303 | Gauntlet | Found a transporter.
 31320 | Gauntlet | Found a transporter.
 31338 | Gauntlet | Found a transporter.
 31341 | Gauntlet | Found a transporter.
 31352 | Gauntlet | Found a transporter.
 31603 | Gauntlet | Got a transparent turquoise ring
 31666 | Gauntlet | Identified the ring "Zetabov" {MR+ MP+9 Str+2} (You found
                  | it in a Gauntlet)
 32146 | Orc:2    | Reached skill level 19 in Axes
 32199 | Orc:2    | Found a staircase to the Elven Halls.
 32338 | Orc:2    | Found Momecuge's General Store.
 32342 | Orc:2    | Found Wuteuj's Magic Scroll Shoppe.
 32348 | Orc:2    | Found Istroism's Magic Scroll Shoppe.
 32350 | Orc:2    | Found Hitz's General Store.
 32360 | Orc:2    | Bought a scroll of acquirement for 728 gold pieces
 32360 | Orc:2    | Acquired the ring of Urep {Wiz rF++ Int+2 Dex-2}
 32777 | Snake:1  | Entered Level 1 of the Snake Pit
 32783 | Snake:1  | Noticed Aizul
 33196 | Lair:3   | Killed Aizul
 34510 | Snake:1  | Found a hide-covered altar of Uskayaw.
 35938 | Snake:2  | Noticed Azrael
 36195 | Snake:1  | Killed Azrael
 36195 | Snake:1  | Reached XP level 17. HP: 60/151 MP: 14/27
 36669 | Snake:2  | Noticed Vashnia
 36692 | Snake:2  | HP: 7/151 [Vashnia/arrow (12)]
 37643 | Snake:2  | Killed Vashnia
 37827 | Snake:2  | Reached skill level 20 in Axes
 38109 | Snake:2  | Found Basyseb's Antique Armour Boutique.
 38111 | Snake:2  | Found Sydghoph's Assorted Antiques.
 38111 | Snake:2  | Found Ridwaec's Antique Weapon Shop.
 38114 | Snake:2  | Found Roaruur's General Store.
 38118 | Snake:2  | You fall into a shaft and drop 1 floor!
 38603 | Snake:2  | Bought a scroll of identify for 54 gold pieces
 39174 | Snake:3  | Found Ucoalex's Jewellery Shoppe.
 39482 | Snake:3  | Noticed Nikola
 39504 | Snake:3  | Killed Nikola
 40172 | Snake:4  | Entered Level 4 of the Snake Pit
 40198 | Snake:4  | Found Rigyumof's Book Shop.
 40384 | Snake:4  | Reached skill level 10 in Dodging
 41358 | Snake:4  | Reached XP level 18. HP: 142/161 MP: 29/29
 41552 | Snake:4  | Got a serpentine rune of Zot
 42110 | Swamp:1  | Entered Level 1 of the Swamp
 44280 | Swamp:2  | Reached skill level 21 in Axes
 44282 | Swamp:2  | Reached skill level 15 in Invocations
 45378 | Swamp:4  | Entered Level 4 of the Swamp
 45378 | Swamp:4  | Found a transporter.
 45378 | Swamp:4  | Found a transporter.
 45407 | Swamp:4  | Reached skill level 15 in Fighting
 45408 | Swamp:4  | Identified the +4 quarterstaff of Ambiguity {flame, rPois}
 45945 | Swamp:4  | Noticed graki42's ghost (adept DECj)
 46570 | Swamp:4  | Found a bloodstained altar of Trog.
 46904 | Swamp:4  | Got a decaying rune of Zot
 47183 | Elf:1    | Entered Level 1 of the Elven Halls
 47495 | Elf:1    | Found Beiran's Gadget Shoppe.
 47659 | Elf:1    | Found Huostrei's Jewellery Shop.
 47661 | Elf:1    | Found Byguhey's Gadget Emporium.
 47662 | Elf:1    | Found Peoqom's Jewellery Shop.
 47671 | Elf:1    | Bought a cursed ring of attention for 58 gold pieces
 47841 | Elf:1    | Reached XP level 19. HP: 139/170 MP: 30/30
 49078 | Elf:2    | Reached skill level 22 in Axes
 49178 | Elf:2    | Identified the +6 broad axe of Compassion {holy, +Inv rPois
                  | Str-4 Int+7}
 49816 | Elf:2    | Noticed Jorgrun
 49817 | Elf:2    | Found a huge runed translucent gate.
 49817 | Elf:2    | Found a huge runed translucent gate.
 49833 | Elf:2    | Killed Jorgrun
 49860 | Elf:2    | Found a huge runed translucent gate.
 49861 | Elf:2    | Found a huge runed translucent gate.
 49864 | Elf:2    | Found a huge runed translucent gate.
 51178 | Swamp:4  | Killed graki42's ghost
 51197 | Swamp:4  | Got a pair of warped gloves
 51545 | Swamp:4  | Identified the +0 pair of gloves "Vupp" {MP-9 Int+7} (You
                  | found it on level 4 of the Swamp)
 51784 | Vaults:1 | Entered Level 1 of the Vaults
 51880 | Vaults:1 | Reached XP level 20. HP: 83/180 MP: 18/32
 51899 | Vaults:1 | Demolished by an ettin

Illustrated notes

Levels and vault maps discovered:
D:1:      wander_arrival_chamber, layout_basic
D:2:      layout_basic, nemelex_xobeh_ov_fountains_minmay
D:3:      layout_loops_corners, elyvilon_altar_5, makhleb_altar_promises_db,
          uniq_purgy, uniq_jessica
D:4:      layout_basic, grunt_qazlal_clouds, kennysheep_mini_moat,
          minmay_temple_entry_arrows, palyth_stone_intersect
D:5:      layout_rooms, overflow_temple_1_default, small_statue_alley_b,
          cheibrodos_gnoll_hut
D:6:      kennysheep_spiral_hall, layout_loops_corners,
          lemuel_coloured_pillars_altar, nicolae_overflow_hidden_temple,
          serial_shops, shop, uniq_pikel
D:7:      layout_loops_cross, uniq_maggie, uniq_duvessa
D:8:      layout_loops_cross
D:9:      layout_stronghold, overflow_temple_1_default, orc_0_dummy,
          kennysheep_generic_room_11, uniq_joseph, uniq_erica
D:10:     layout_rooms, lair_entry_dummy
D:11:     layout_stronghold
D:12:     layout_long_grid, uniq_urug, uniq_frances
D:13:     layout_stronghold, serial_shops, nicolae_shop_trees, shop, shop, shop,
          shop, uniq_rupert
D:14:     layout_gridville, grunt_vaults_entry_fortified, hangedman_ru_absence,
          uniq_kirke
D:15:     gammafunk_depths_entry_grave, layout_long_grid, columned_hall_lemuel,
          minmay_crystal_box
Temple:   jpeg_temple_clearing
Lair:1:   layout_hall_layers, minivault_23, chequers_serial_rivers_small_a,
          grunt_megastairs_5, infiniplex_staircase_pool
Lair:2:   cheibrodos_lair_river_kwai, layout_concentric_octagons,
          nicolae_swamp_entry_splash_gauntlet, ebering_ghost_funeral_grove
Lair:3:   layout_regular_city, minmay_snake_entry_six_corridors
Lair:4:   layout_regular_city, portal_ice_cave_rime
Lair:5:   layout_regular_city, basic_altar, lemuel_fruit_tree,
          serial_bayou_shore_a
Lair:6:   due_jungle_book, layout_loops_ring, slime_altar_1
Swamp:1:  layout_basic_swamp, nicolae_swamp_fairy_circle, swamp_pool4
Swamp:2:  layout_falls_marsh, evilmike_swamp_ruin_house_5
Swamp:3:  layout_basic_swamp, evilmike_swamp_ruin_house_4,
          cheibrodos_swamp_pet_leeches
Swamp:4:  swamp, layout_basic_swamp, gammafunk_ghost_wrathful_warriors,
          swamp_pool3
Snake:1:  layout_onion_interference, basic_altar, uniq_aizul
Snake:2:  layout_basic, serial_bayou, serial_bayou_crossing,
          serial_bayou_lake_a, serial_bayou_lagoon_a, serial_bayou_pond_e,
          minmay_shoptagon, uniq_vashnia, uniq_azrael
Snake:3:  layout_grid_maze, serial_shops, nicolae_shop_stone, uniq_nikola
Snake:4:  minmay_snake_end_coiled, layout_rooms, serial_shops,
          nicolae_shop_window_shopping, nicolae_snake_linked_coils
Orc:1:    layout_diamond_mine, serial_shops, shop_fountains
Orc:2:    st_orc_elflike, layout_diamond_mine, gauntlet_entry_generic
Elf:1:    minmay_elf_arrival_summoners, layout_geoelf_octagon, serial_shops,
          shop, hangedman_elf_represent, nicolae_elf_m_pinch, st_stairs_10,
          minmay_shop_grove
Elf:2:    layout_geoelf_octagon, hangedman_elven_crosses_minicolossus,
          uniq_jorgrun
Vaults:1: gammafunk_vaults_ghost_split, v_misc_9, nicolae_vaults_hallways_thing,
          v_alt_pattern_3, vaults_room_boxed, v_misc_3, hangedman_vaults_trim,
          v_pattern_4, v_misc_12, ontoclasm_vaults_loading_screen,
          layout_vaults_big_room, basic_altar

Skill      XL: |  1  2  3  4  5  6  7  8  9 10 11 12 13 14 15 16 17 18 19 |
---------------+----------------------------------------------------------+-----
Axes           | 3 4 5 6 7 9 10 11 13 14 15 17 18 19 20 21 22 | 22.6
Fighting       | 4 5 6 7 8 9 10 11 12 13 14 15 16 | 16.0
Armour         | 4 5 6 7 8 9 10 11 12 13 14 | 14.9
Shields        | 4 5 6 7 8 9 10 11 12 13 14 | 14.9
Invocations    | 1 3 5 6 8 9 10 11 12 13 14 15 16 | 16.4
Dodging        | 2 3 4 5 6 7 8 9 10 11 | 11.3
Evocations     | 2 4 5 |  5.0

Action                   |  1- 3 |  4- 6 |  7- 9 | 10-12 | 13-15 | 16-18 | 19-21 || total
-------------------------+-------+-------+-------+-------+-------+-------+-------++-------
Melee: War axe           |    85 |   159 |   381 |   410 |       |       |       ||  1035
       Hand axe          |       |       |       |   196 |       |       |       ||   196
       Broad axe         |       |       |       |    82 |   957 |  1500 |   490 ||  3029
       Unarmed           |       |       |       |       |    11 |       |       ||    11
Invok: Upheaval          |       |       |       |    13 |       |       |     1 ||    14
       Elemental Force   |       |       |       |       |       |     1 |       ||     1
Evoke: Wand              |       |       |     4 |       |     1 |       |       ||     5
  Use: Scroll            |       |     8 |    11 |    10 |     8 |     8 |     2 ||    47
       Potion            |       |       |       |     2 |       |     2 |     1 ||     5
 Stab: Distracted        |       |       |       |       |       |     2 |     2 ||     4
Armor: Scale mail        |    33 |    77 |    99 |   164 |    32 |       |       ||   405
       Plate armour      |       |       |       |       |   202 |   342 |    96 ||   640
Dodge: Dodged            |    23 |    48 |   100 |   136 |   198 |   351 |    72 ||   928
       Repelled          |       |       |       |       |     3 |    51 |    12 ||    66
Block: Kite shield       |    36 |    82 |   228 |   458 |   893 |  1505 |   370 ||  3572
       Other             |       |       |       |       |     1 |       |       ||     1

Table legend: (Time is in decaauts)
 A = Elapsed time spent in this place.
 B = Non-inter-level travel time spent in this place.
 C = Inter-level travel time spent in this place.
 D = Time resting spent in this place.
 E = Time spent auto-exploring this place.
 F = Levels seen in this place.
 G = Mean time per level.
                   A        B        C        D        E       F      G
               +--------+--------+--------+--------+--------+-----+--------+
         Total |  51752 |  48372 |   3380 |   6053 |  35063 |  37 | 1398.7 |
       Dungeon |  20591 |  19020 |   1571 |   2329 |  13803 |  15 | 1372.7 |
        Temple |    301 |    283 |     18 |      0 |    283 |   1 |  301.0 |
          Lair |  10651 |   9772 |    879 |   1169 |   7670 |   6 | 1775.2 |
         Swamp |   4990 |   4782 |    208 |    985 |   3141 |   4 | 1247.5 |
     Snake Pit |   7859 |   7483 |    376 |    750 |   5612 |   4 | 1964.8 |
  Orcish Mines |   1478 |   1259 |    219 |    100 |    835 |   2 |  739.0 |
   Elven Halls |   3390 |   3283 |    107 |    531 |   2002 |   2 | 1695.0 |
        Vaults |     88 |     88 |      0 |      0 |     14 |   1 |   88.0 |
      Ice Cave |   1498 |   1498 |      0 |    114 |   1005 |   1 | 1498.0 |
      Gauntlet |    902 |    902 |      0 |     74 |    697 |   1 |  902.0 |
               +--------+--------+--------+--------+--------+-----+--------+

Top non-repeatable levels by time:
 Snake:1: 3090 daAuts
  Lair:3: 2480 daAuts
  Lair:2: 2271 daAuts
     D:6: 2168 daAuts
    D:11: 2057 daAuts
  Lair:6: 1991 daAuts
    D:13: 1943 daAuts
 Snake:3: 1893 daAuts
     D:9: 1752 daAuts
    D:12: 1750 daAuts
 Snake:2: 1749 daAuts
   Elf:2: 1728 daAuts
 Swamp:3: 1716 daAuts
   Elf:1: 1661 daAuts
    D:14: 1521 daAuts
